 Dungeon Crawl Stone Soup version 0.22.1-1-ga44c0e56f4 (webtiles) character file.

159 Jynx the Insei (level 5, 0/34 HPs)
             Began as an Octopode Transmuter on Nov 8, 2018.
             Slain by an orc
             ... wielding a +1 hand axe of holy wrath
              (5 damage)
             ... on level 3 of the Dungeon.
             The game lasted 00:05:27 (2922 turns).

Jynx the Insei (Octopode Transmuter)                Turns: 2922, Time: 00:05:28

Health: 0/34       AC:  2    Str: 10    XL:     5   Next: 40%
Magic:  13/17      EV: 20    Int: 15    God:
Gold:   127        SH:  0    Dex: 18    Spells: 5/9 levels left

rFire    . . .     SeeInvis .     - Unarmed
rCold    . . .     Gourm    .   (shield currently unavailable)
rNeg     . . .     Faith    .   (helmet currently unavailable)
rPois    x         Spirit   .   (no amulet)
rElec    .         Reflect  .   h - ring of magical power
rCorr    .         Harm     .   q - ring of wizardry
MR       .....                  (no ring)
Stlth    ++........             (no ring)
HPRegen  0.11/turn              (no ring)
MPRegen  0.15/turn              (no ring)
                                (no ring)
                                (no ring)

@: spider-form
A: tiny, almost no armour, stealthy swim, (amphibious), 8 rings, (constrict 8)
a: End Transformation


You were on level 3 of the Dungeon.
You were hungry.
You were a venomous arachnid creature.
You visited 1 branch of the dungeon, and saw 3 of its levels.

You collected 127 gold pieces.

Inventory:

Missiles
 a - 39 arrows
Jewellery
 h - a ring of magical power (left front leg)
 q - a ring of wizardry (right front leg)
Scrolls
 d - 3 scrolls of magic mapping {unknown}
 e - a scroll of enchant weapon {unknown}
 f - a scroll of enchant armour {unknown}
 j - 2 scrolls of remove curse {unknown}
 l - a scroll of blinking {unknown}
 n - a scroll of noise {unknown}
Potions
 i - a potion of haste {unknown}
 k - a potion of magic
 m - a potion of might {unknown}
 o - a potion of invisibility {unknown}
 p - a potion of agility {unknown}
Comestibles
 b - a chunk of flesh
 c - 6 rations


   Skills:
 + Level 1.8 Fighting
 - Level 2.0 Dodging
 * Level 4.7 Unarmed Combat
 - Level 2.5 Spellcasting
 + Level 3.1 Transmutations


You had 5 spell levels left.
You knew the following spells:

 Your Spells              Type           Power        Failure   Level  Hunger
a - Beastly Appendage     Tmut           ##....       7%          1    #......
b - Spider Form           Tmut/Pois      #.........   26%         3    ###....

Your spell library contained the following spells:

 Spells                   Type           Power        Failure   Level  Hunger
 Sticks to Snakes         Tmut           ##......     9%          2    ###....
 Ice Form                 Ice/Tmut       #.......     56%         4    #####..
 Blade Hands              Tmut           ##........   67%         5    ######.


Dungeon Overview and Level Annotations

Branches:
Dungeon (3/15)

Altars:
Makhleb
Ru
Xom


Innate Abilities, Weirdness & Mutations

You cannot wear most types of armour.
You are very stealthy in the water. (Stealth+)
((You are amphibious.))
You can wear up to eight rings at the same time.
((You can use your tentacles to constrict eight enemies at once.))
((Your skin changes colour to match your surroundings (Stealth+).))
((Your rubbery body absorbs attacks. (AC +1, EV +1)))


Message History

You kill the orc!
You hit the orc.
The orc is poisoned.
The orc is almost dead.
The orc hits you with a hand axe of holy wrath.
* * * LOW HITPOINT WARNING * * *
You barely miss the orc.
The orc is almost dead.
The orc closely misses you.
The orc priest calls upon Beogh to heal the orc.
The orc is healed somewhat.
You hit the orc.
The orc looks even sicker.
The orc is moderately wounded.
Your transformation has ended.
Okay, then.
Casting: Spider Form (safe; 13% risk of failure)
Confirm with . or Enter, or press ? or * to list all spells.
You turn into a venomous arachnid creature.
You are feeling hungry.
The orc hits you with a hand axe of holy wrath.
You die...

# # ######## .......#
##### ###
######.#####...####.##
###.............soo..#
................###.##
#.####..##......# #.#
#.###...##.#...## #.#
#.##.......##.## #.#
...).†..#####.# #o#
#.......# #.# #o#
..†.....# #.# #.#
#......## #.# ##.#


You could see an orc priest and an orc.

Vanquished Creatures
  Natasha (D:3)
  2 orc wizards (D:3)
  2 oozes
  A dart slug (D:2)
  3 leopard geckos
  6 orcs (D:3)
  12 bats
  5 giant cockroaches
  9 goblins
  9 hobgoblins
  A ball python (D:1)
  8 frilled lizards
  2 kobolds
  7 rats
68 creatures vanquished.

Notes
Turn   | Place    | Note
-------+----------+-------------------------------------------
     0 | D:1      | Jynx the Octopode Transmuter began the quest for the Orb.
     0 | D:1      | Reached XP level 1. HP: 13/13 MP: 3/3
   344 | D:1      | Reached XP level 2. HP: 7/18 MP: 1/5
   821 | D:1      | Reached XP level 3. HP: 19/23 MP: 4/6
  1228 | D:2      | Learned a level 3 spell: Spider Form
  1601 | D:2      | Found a burning altar of Makhleb.
  1699 | D:2      | Found a shimmering altar of Xom.
  2131 | D:2      | Found a sacrificial altar of Ru.
  2427 | D:3      | Reached skill level 4 in Unarmed Combat
  2436 | D:3      | Reached XP level 4. HP: 26/28 MP: 7/7
  2757 | D:3      | Noticed Natasha
  2793 | D:3      | Killed Natasha
  2793 | D:3      | Reached XP level 5. HP: 31/33 MP: 8/8
  2922 | D:3      | Slain by an orc

Skill      XL: |  1  2  3  4 |
---------------+-------------+-----
Unarmed Combat | 4 |  4.7
Transmutations | 3 |  3.1
Fighting       | |  1.8
Dodging        | |  2.0
Spellcasting   | |  2.5

Action                   |  1- 3 |  4- 6 || total
-------------------------+-------+-------++-------
Melee: Unarmed           |   101 |    81 ||   182
       Constrict         |    25 |    10 ||    35
       Tentacles         |    10 |     7 ||    17
       Kick              |    12 |     4 ||    16
       Punch             |     1 |       ||     1
 Cast: Beastly Appendage |    18 |     4 ||    22
       Spider Form       |       |     6 ||     6
 Abil: End Transformatio |       |     1 ||     1
  Use: Scroll            |     2 |     1 ||     3
       Potion            |       |     3 ||     3
 Stab: Sleeping          |     3 |     2 ||     5
  Eat: Chunk             |     5 |     2 ||     7
Armor: Skin              |    11 |    11 ||    22
Dodge: Dodged            |    75 |    65 ||   140
